 Dungeon Crawl Stone Soup version 0.30-a0-187-gd9c2deaf24 (webtiles) character file.

Game seed: 11988351486839618787

865 Flugkiller the Trooper (level 7, -6/58 HPs)
             Began as a Mummy Delver on Oct 3, 2022.
             Was a Believer of Okawaru.
             Killed from afar by an orc wizard (18 damage)
             ... with a puff of flame
             ... on level 5 of the Dungeon.
             The game lasted 00:05:46 (3838 turns).

Flugkiller the Trooper (Mummy Delver)               Turns: 3838, Time: 00:05:47

Health: -6/58      AC:  3    Str: 16    XL:     7   Next: 72%
Magic:  7/7        EV: 13    Int:  9    God:    Okawaru [**....]
Gold:   214        SH:  0    Dex: 15    Spells: 6/6 levels left

rFire   x . .      SeeInvis .    l - +0 halberd
rCold   + . .      Faith    +    (shield currently unavailable)
rNeg    + + +      Spirit   .    b - +0 leather armour
rPois   ∞          Reflect  .    (no helmet)
rElec   .          Harm     .    (no cloak)
rCorr   .          Rampage  .    (no gloves)
Will    .....                    (no boots)
Stlth   ++........               j - amulet of regeneration
HPRegen 1.09/turn                (no ring)
MPRegen 0.10/turn                (no ring)

@: no status effects
A: cold resistance 1, negative energy resistance 3, torment resistance 2, heat
vulnerability 1, in touch with death 1, no potions, faith
a: Renounce Religion, Heroism


You were on level 5 of the Dungeon.
You worshipped Okawaru.
Okawaru was pleased with you.
You visited 2 branches of the dungeon, and saw 6 of its levels.

You collected 214 gold pieces.

Inventory:

Hand Weapons
 a - a +0 spear
 g - a +0 trident
   (You found it on level 5 of the Dungeon)
 l - a +0 halberd (weapon)
   (You took it off a gnoll on level 3 of the Dungeon)
Missiles
 d - 2 throwing nets (quivered)
Armour
 b - a +0 leather armour (worn)
Jewellery
 i - an amulet of the acrobat
   (You found it on level 1 of the Dungeon)
 j - an amulet of regeneration (around neck)
   (You found it on level 2 of the Dungeon)
Wands
 f - a wand of digging (3)
Scrolls
 c - a scroll of fog
 e - a scroll of poison
 h - 3 scrolls of amnesia
 k - a scroll of fear
 m - a scroll of brand weapon
 n - a scroll of magic mapping
 z - 2 scrolls of blinking


   Skills:
 - Level 6.0 Fighting
 + Level 5.1 Polearms
 + Level 3.5 Dodging
 - Level 4.1 Stealth


You had 6 spell levels left.
You didn't know any spells.
Your spell library contained the following spells:

 Spells                   Type           Power      Damage    Failure   Level
 Apportation              Tloc           0%         N/A       45%         1
 Necrotise                Necr           0%         1d4       45%         1
 Portal Projectile        Hex/Tloc       0%         N/A       83%         3
 Leda's Liquefaction      Hex/Erth       0%         N/A       99%         4
 Summon Small Mammal      Summ           Unusable   N/A       N/A         1
 Call Canine Familiar     Summ           Unusable   N/A       N/A         3

Dungeon Overview and Level Annotations

Branches:
Dungeon (5/15) Zot: 23616  Temple (1/1) D:5 Zot: 5939

Altars:
Cheibriados
Dithmenos
Fedhas
Gozag
Nemelex Xobeh
Okawaru
Qazlal
Ru
Sif Muna
Uskayaw


Innate Abilities, Weirdness & Mutations

You are immune to poison.
Your flesh is cold resistant. (rC+)
You are immune to negative energy. (rN+++)
You are immune to unholy pain and torment.
You are vulnerable to heat. (rF-)
You are in touch with the powers of death.
You do not drink.
You have a special connection with the divine. (Faith)


Message History

n - a scroll of magic mapping An orc comes into view.
It is wielding a +0 hand axe.
An orc is nearby!
An orc comes into view. It is wielding a +0 club.
The orc shouts!
You hear a shout!
You hear a bark!
A hound comes into view.
You reach to attack!
The orc shouts!
You hit the orc.
The orc is severely wounded.
An orc wizard comes into view. It is wielding a +0 dagger.
You hit the orc.
You kill the orc!
Okawaru accepts your kill.
The orc wizard casts a spell.
The orc wizard flickers and vanishes!
Deactivating autopickup; reactivate with Ctrl-A.
Things that are here:
a +0 hand axe; a +0 leather armour You slash the hound!
The hound is heavily wounded.
The hound completely misses you.
An orc comes into view. It is wielding a +0 short sword.
The hound bites you. The orc closely misses you.
You barely miss the hound.
The hound is heavily wounded.
The hound closely misses you. The hound bites you but does no damage.
The orc hits you with a +0 club.
The orc shouts!
You hit the hound.
The hound is severely wounded.
The hound bites you. The orc hits you with a +0 club. The hound bites you.
The black bear growls angrily.
You puncture the hound!
You kill the hound!
Okawaru accepts your kill.
You hear an angry hiss.
The orc hits you with a +0 club.
Training target 6.0 for Fighting reached!
Your Fighting skill increases to level 6!
You closely miss the orc. The orc closely misses you.
You hear some strange, mumbled words.
A puff of flame appears from out of thin air!
The puff of flame hits you! The fire burns you terribly!
You closely miss the orc.
An adder comes into view.
The orc hits you with a +0 club. Something barely misses you.
Something completely misses you.
You barely miss the orc. The orc hits you with a +0 club.
The orc closely misses you. Something hits you but does no damage.
The orc closely misses you.
You puncture the orc!
You kill the orc!
Okawaru accepts your kill.
You closely miss the orc. The orc hits you with a +0 club.
You puncture the orc!
You kill the orc!
Okawaru accepts your kill.
You barely miss something. Something hits you. x2
You miss something. Something hits you.
You miss something. Something hits you.
You hit something. Something hits you.
You closely miss something. Something hits you. x2
You miss something. Something hits you.
You miss something. Something hits you.
You closely miss something. Something barely misses you.
You closely miss something. Something hits you. x2
You barely miss something. Something barely misses you.
You barely miss something.
You hear some strange, mumbled words.
A magic dart appears from out of thin air!
The magic dart hits you.
You miss something.
You hear some strange, mumbled words.
A magic dart appears from out of thin air!
The magic dart hits you!
You closely miss something. Something hits you.
Something hits you but does no damage.
You barely miss something. Something hits you.
You barely miss something. Something hits you.
You hit something. Something hits you.
You closely miss something. Something hits you.
You hear some strange, mumbled words.
A puff of flame appears from out of thin air!
The puff of flame hits you! The fire burns you terribly!
* * * LOW HITPOINT WARNING * * *
You barely miss something. Something hits you.
* * * LOW HITPOINT WARNING * * *
Unknown command.
You closely miss something. Something hits you.
* * * LOW HITPOINT WARNING * * *
You barely miss something.
You hear some strange, mumbled words.
A magic dart appears from out of thin air!
The magic dart hits you.
* * * LOW HITPOINT WARNING * * *
You hear some strange, mumbled words.
A puff of flame appears from out of thin air!
The puff of flame hits you!! The fire burns you terribly!
You die...

..# . ≈≈≈≈§....
#....###.##( ....
§.§§...# ##.....#)#(#
.....
#####.≈...###......).#((
....#
#.....≈....#.........#(#
..# #.§)......####.#.##(
#.≈.......# #.#..##
#####.≈..##...# #.#....
.....h§{###...# #......
≈≈≈≈≈≈≈@##...## ###....
........#....# #####
######......## #####.##
###


You could see a black bear.

Vanquished Creatures
  Menkaure (D:4)
  Edmund (D:4)
  An ice beast (D:4)
  A bullfrog (D:3)
  A scorpion (D:4)
  2 hounds
  A gnoll bouda (D:4)
  An orc priest (D:4)
  An iguana (D:4)
  10 gnolls
  6 adders
  A river rat (D:4)
  A shadow imp (D:4)
  5 worms
  10 orcs
  11 ball pythons
  4 bats (D:1)
  8 endoplasms
  A giant cockroach (D:4)
  4 goblins
  8 hobgoblins
  2 jackals (D:1)
  7 kobolds
  4 quokkas
  3 frilled lizards (D:1)
  8 rats
103 creatures vanquished.

Vanquished Creatures (others)
  16 plants (D:5)
16 creatures vanquished.

Grand Total: 119 creatures vanquished

Notes
Turn   | Place    | Note
-------+----------+-------------------------------------------
     0 | D:5      | Flugkiller the Mummy Delver began the quest for the Orb.
     0 | D:5      | Reached XP level 1. HP: 18/18 MP: 1/1
     6 | D:5      | Found a staircase to the Ecumenical Temple.
    12 | D:5      | Noticed a black bear
    17 | Temple   | Entered the Ecumenical Temple
    70 | Temple   | Became a worshipper of Warmaster Okawaru
    84 | D:5      | Noticed an ogre
   156 | D:4      | Noticed an ice beast
   203 | D:4      | Reached XP level 2. HP: 5/25 MP: 2/2
   321 | D:4      | HP: 1/25 [iguana (13)]
   455 | D:3      | Reached skill level 4 in Fighting
   511 | D:2      | Gained mutation: You are in touch with the powers of death.
                  | [Mummy growth]
   511 | D:2      | Reached XP level 3. HP: 18/30 MP: 3/3
  1201 | D:1      | Found a faded altar of an unknown god.
  1397 | D:2      | Reached XP level 4. HP: 31/38 MP: 4/4
  1692 | D:2      | Reached * piety under Okawaru
  1861 | D:3      | Noticed a bullfrog
  1881 | D:3      | Killed a bullfrog
  1882 | D:3      | Reached XP level 5. HP: 17/43 MP: 5/5
  2463 | D:4      | Reached XP level 6. HP: 41/49 MP: 6/6
  2559 | D:4      | Noticed Menkaure
  2574 | D:4      | Killed Menkaure
  2574 | D:4      | Reached ** piety under Okawaru
  2575 | D:4      | Reached skill level 5 in Fighting
  3029 | D:4      | Reached XP level 7. HP: 56/56 MP: 7/7
  3040 | D:4      | Noticed Edmund
  3239 | D:4      | Killed Edmund
  3663 | D:4      | Reached skill level 5 in Polearms
  3747 | D:5      | Found a hide-covered altar of Uskayaw.
  3747 | D:5      | Noticed a +0 falchion
  3747 | D:5      | Noticed a +0 spear
  3747 | D:5      | Noticed a +0 dagger
  3748 | D:5      | Noticed a +0 short sword
  3749 | D:5      | Noticed a +0 short sword
  3749 | D:5      | Noticed a +0 spear
  3749 | D:5      | Noticed a +0 dagger
  3750 | D:5      | Noticed a +0 falchion
  3809 | D:5      | Reached skill level 6 in Fighting
  3838 | D:5      | Killed from afar by an orc wizard

Illustrated notes

Levels and vault maps discovered:
D:1:      dpeg_arrival_oval, layout_loops_ring,
          dreamdust_ecumenical_altar_angels_and_demons,
          minmay_misc_feat_nine_boxes, nicolae_wormholes
D:2:      layout_rooms
D:3:      layout_rooms
D:4:      layout_basic, kennysheep_mini_moat, gup_sewer_entry_spiral,
          uniq_edmund, uniq_menkaure
D:5:      layout_cave_pools, marbit_many_paths,
          nicolae_hepliaklqana_hazy_memory, nicolae_uskayaw_en_pointe,
          mainiacjoe_overflow_brackets, minmay_temple_entry_wispy
Temple:   nicolae_temple_ecumenical_triangle

Skill      XL: |  1  2  3  4  5  6  7 |
---------------+----------------------+-----
Fighting       | 4 5 6 |  6.0
Polearms       | 2 3 4 5 |  5.1
Dodging        | 2 3 |  3.5
Stealth        | |  4.1

Action                   |  1- 3 |  4- 6 |  7- 9 || total
-------------------------+-------+-------+-------++-------
Melee: Trident           |   135 |    66 |       ||   201
       Punch             |       |     1 |       ||     1
       Halberd           |       |    85 |   135 ||   220
  Use: Scroll            |     2 |     6 |     2 ||    10
 Stab: Sleeping          |    10 |    10 |     1 ||    21
Armor: Leather armour    |    22 |    18 |    21 ||    61
Dodge: Dodged            |    58 |    76 |    78 ||   212

Table legend: (Time is in decaauts)
 A = Elapsed time spent in this place.
 B = Non-inter-level travel time spent in this place.
 C = Inter-level travel time spent in this place.
 D = Time resting spent in this place.
 E = Time spent auto-exploring this place.
 F = Levels seen in this place.
 G = Mean time per level.
                   A        B        C        D        E       F      G
               +--------+--------+--------+--------+--------+-----+--------+
         Total |   3990 |   3870 |    120 |    816 |   1854 |   6 |  665.0 |
       Dungeon |   3929 |   3809 |    120 |    816 |   1822 |   5 |  785.8 |
        Temple |     60 |     60 |      0 |      0 |     32 |   1 |   60.0 |
               +--------+--------+--------+--------+--------+-----+--------+

Top non-repeatable levels by time:
     D:4: 1661 daAuts
     D:1: 806 daAuts
     D:3: 667 daAuts
     D:2: 571 daAuts
     D:5: 222 daAuts
  Temple: 60 daAuts
